 Dungeon Crawl Stone Soup version 0.25-a0-277-g7046ed1b37 (webtiles) character file.

Game seed: 482653803429539805, levelgen mode: deterministic

11358 kae the Severer (level 11, -8/95 HPs)
             Began as a Minotaur Fighter on Dec 9, 2019.
             Was a Believer of Qazlal.
             Mangled by an ice beast (11 damage)
             ... summoned by Fannar
             ... on level 11 of the Dungeon.
             The game lasted 00:10:40 (11389 turns).

kae the Severer (Minotaur Fighter)                 Turns: 11389, Time: 00:10:41

Health: -8/95      AC:  9    Str: 27    XL:     11   Next: 48%
Magic:  0/14       EV:  7    Int:  6    God:    Qazlal [**....]
Gold:   609        SH: 13    Dex: 10    Spells: 10/10 levels left

rFire    . . .     SeeInvis .   a - +1 war axe
rCold    . . .     Gourm    .   c - +0 shield
rNeg     . . .     Faith    .   b - +0 scale mail
rPois    +         Spirit   +   (helmet restricted)
rElec    .         Reflect  .   n - +0 cloak
rCorr    .         Harm     .   g - +0 pair of gloves
MR       .....                  (no boots)
Stlth    ..........             u - amulet of guardian spirit
HPRegen  0.25/turn              i - ring of poison resistance
MPRegen  0.14/turn              p - +4 ring of strength

@: no status effects
A: retaliatory headbutt, horns 2
a: Upheaval, Renounce Religion


You were on level 11 of the Dungeon.
You worshipped Qazlal.
Qazlal was pleased with you.
You were not hungry.

You visited 2 branches of the dungeon, and saw 12 of its levels.
You also visited: Sewer.

You collected 609 gold pieces.

Inventory:

Hand Weapons
 a - a +1 war axe (weapon)
Armour
 b - a +0 scale mail (worn)
 c - a +0 shield (worn)
 g - a +0 pair of gloves (worn)
 n - a +0 cloak (worn)
Jewellery
 i - a ring of poison resistance (left hand)
 l - an uncursed amulet of rage
 p - a +4 ring of strength (right hand)
 u - an amulet of guardian spirit (around neck)
 v - a +3 ring of dexterity
 B - a cursed +1 ring of slaying
Wands
 w - a wand of digging (6)
 A - a wand of paralysis (9)
Scrolls
 d - 5 scrolls of remove curse
 e - 2 scrolls of enchant weapon
 s - 2 scrolls of fog
 x - 3 scrolls of identify
 y - a scroll of enchant armour {unknown}
 C - a scroll of magic mapping
Potions
 h - a potion of haste
 j - 2 potions of magic
 k - a potion of cancellation
 m - a potion of flight
 o - a potion of mutation
 q - a potion of agility
 r - 2 potions of berserk rage
 t - a potion of brilliance
 z - a potion of might
Comestibles
 f - 33 rations


   Skills:
 + Level 8.4 Fighting
 * Level 17.8 Axes
 - Level 3.6 Armour
 - Level 3.6 Shields
 + Level 6.1 Invocations


You had 10 spell levels left.
You didn't know any spells.
Your spell library contained the following spells:

 Spells                   Type           Power        Failure   Level  Hunger
 Confusing Touch          Hex            #.....       99%         1    ##.....
 Magic Dart               Conj           #...         99%         1    ##.....
 Searing Ray              Conj           #.....       100%        2    ###....
 Confuse                  Hex            #.......     100%        3    ####...
 Dazzling Flash           Conj/Hex       #.....       100%        3    ####...
 Gell's Gravitas          Tloc           #.........   100%        3    ####...
 Cause Fear               Hex            #.........   100%        4    #####..
 Fulminant Prism          Conj/Hex       #.........   100%        4    #####..
 Iskenderun's Mystic Bla  Conj/Tloc      #.......     100%        4    #####..
 Petrify                  Tmut/Erth      #.......     100%        4    #####..
 Metabolic Englaciation   Hex/Ice        #.........   100%        5    ######.
 Silence                  Hex/Air        #.........   100%        5    ######.
 Yara's Violent Unravell  Hex/Tmut       #.........   100%        5    ######.
 Deflect Missiles         Chrm/Air       #.........   100%        6    #######
 Discord                  Hex            #.........   100%        8    #######


Dungeon Overview and Level Annotations

Branches:
Dungeon (11/15)            Temple (1/1) D:7            Lair (0/6) D:10
    Orc (0/2) D:11          Sewer (visited)

Altars:
Ashenzari
Cheibriados
Dithmenos
Elyvilon
Fedhas
Gozag
Hepliaklqana
Kikubaaqudgha
Makhleb
Nemelex Xobeh
Okawaru
Qazlal
Ru
Sif Muna
Trog
Uskayaw
Vehumet
Wu Jian
Xom
Yredelemnul
Zin
The Shining One

Shops:
D:7 }   D:8 =

Portals:
Trove: D:10 (give +6 demon blade)

Annotations:
D:11 Fannar


Innate Abilities, Weirdness & Mutations

You reflexively headbutt those who attack you in melee.
You have a pair of horns on your head.


Message History

You feel very cold.
Fannar is frozen.
Fannar resists.
The ice beast closely misses you.
There are monsters nearby!
You slash the ice beast! You headbutt the ice beast.
The ice beast is severely wounded.
You barely miss the ice beast. Fannar gestures at you while chanting.
The bolt of cold hits you!
* * * LOW HITPOINT WARNING * * *
You block the ice beast's attack.
The ice beast hits you but does no damage.
You block the ice beast's attack.
Fannar gestures wildly while chanting.
Fannar drains the heat from the surrounding environment!
You feel very cold.
* * * LOW HITPOINT WARNING * * *
Fannar is frozen.
Fannar resists.
The ice beast hits you.
* * * LOW HITPOINT WARNING * * *
The ice beast freezes you!
You die...

..##..............(........#
..................(........#
.............##............#
.............##...(........#
..###......................#
..............[............#
...............##......>...#
...>...........##e.......<.#
...............Y@..........#
...............§Y°.........#
...)..........##...........#
.............. #...#########
)....................
.†........##.......%##
..........# .......#
............ ......#
............ ....#


You could see Fannar and 2 ice beasts.

Vanquished Creatures
  The ghost of Dancer the Cleaver, a novice DsBe of Trog (D:8)
  Pikel (D:4)
  An ugly thing (D:10)
  3 cyclopes
  A komodo dragon (D:10)
  Grinder (D:3)
  A merfolk (D:10)
  Prince Ribbit (D:5)
  A hornet (D:8)
  A hippogriff (D:7)
  A human (D:11)
  Grum (D:8)
  9 yaks (D:9)
  A hungry ghost (D:10)
  A warg (D:11)
  A water moccasin (D:7)
  An eye of draining (D:10)
  4 slaves (D:4)
  An ice beast (D:5)
  2 sky beasts (D:9)
  4 phantoms
  4 orc warriors
  5 centaurs
  4 wolves (D:8)
  3 ogres
  2 crocodiles
  A big kobold (D:10)
  A wyvern zombie (D:11)
  5 bullfrogs
  4 scorpions
  4 wights (D:9)
  23 killer bees
  5 howler monkeys (D:9)
  2 crimson imps
  A bullfrog zombie (D:8)
  3 hounds
  8 quasits
  3 jellies
  7 orc priests
  Crazy Yiuf (D:4)
  6 orc wizards
  A centaur skeleton (D:4)
  4 iguanas
  9 worker ants
  A hound zombie (D:10)
  2 worker ant zombies
  3 adders
  3 oozes
  2 dart slugs (D:3)
  8 leopard geckos
  33 orcs
  12 bats
  4 giant cockroaches
  2 goblins (D:1)
  4 hobgoblins
  20 jackals
  4 quokkas
  6 frilled lizards
  5 kobolds
  A leopard gecko skeleton (D:5)
  8 rats
262 creatures vanquished.

Vanquished Creatures (others)
  2 plants (D:10)
2 creatures vanquished.

Grand Total: 264 creatures vanquished

Notes
Turn   | Place    | Note
-------+----------+-------------------------------------------
     0 | D:1      | kae the Minotaur Fighter began the quest for the Orb.
     0 | D:1      | Reached XP level 1. HP: 19/19 MP: 0/0
    72 | D:1      | Reached skill level 3 in Axes
   118 | D:1      | Reached XP level 2. HP: 21/26 MP: 1/1
   765 | D:2      | Reached skill level 4 in Axes
   921 | D:2      | Reached XP level 3. HP: 31/31 MP: 2/2
  1281 | D:3      | Found a stormy altar of Qazlal.
  1417 | D:3      | Found a shimmering blue altar of Sif Muna.
  1524 | D:3      | Reached skill level 5 in Axes
  1665 | D:3      | Reached XP level 4. HP: 39/39 MP: 3/3
  1716 | D:3      | You fall into a shaft and drop 2 floors!
  1716 | D:5      | Entered Level 5 of the Dungeon
  1717 | D:5      | Noticed an ice beast
  1724 | D:5      | Killed an ice beast
  1724 | D:5      | Reached skill level 6 in Axes
  1724 | D:5      | Reached XP level 5. HP: 34/45 MP: 4/4
  1814 | D:4      | Reached skill level 7 in Axes
  1832 | D:4      | Noticed a slave
  1832 | D:4      | Noticed a slave
  1833 | D:4      | Noticed Pikel
  1833 | D:4      | Noticed a slave
  1835 | D:4      | Noticed a slave
  1838 | D:4      | Killed a slave
  1845 | D:4      | Killed a slave
  1846 | D:4      | HP: 2/45 [Pikel/+2 whip of freezing (1)]
  1851 | D:4      | HP: 2/45 [Pikel/+2 whip of freezing (2)]
  2170 | D:4      | Killed a slave
  2176 | D:4      | Killed a slave
  2420 | D:4      | Reached XP level 6. HP: 49/51 MP: 5/5
  2497 | D:4      | Killed Pikel
  2497 | D:4      | Reached skill level 10 in Axes
  2497 | D:4      | Reached XP level 7. HP: 55/57 MP: 6/6
  2547 | D:4      | Noticed a moth of wrath
  2550 | D:4      | Found a bloodstained altar of Trog.
  2713 | D:4      | Found a runed translucent door.
  2714 | D:4      | Noticed Crazy Yiuf
  3053 | D:4      | Killed Crazy Yiuf
  3347 | D:3      | Noticed Grinder
  3350 | D:3      | Paralysed by Grinder for 2 turns
  3353 | D:3      | Killed Grinder
  3353 | D:3      | Reached skill level 11 in Axes
  3353 | D:3      | Reached XP level 8. HP: 51/64 MP: 7/7
  4192 | D:6      | Noticed a cyclops
  4199 | D:6      | Killed a cyclops
  4199 | D:6      | Reached skill level 12 in Axes
  4208 | D:6      | Found a glowing drain.
  4212 | Sewer    | Entered a sewer
  4313 | Sewer    | Reached skill level 13 in Axes
  5099 | D:5      | Reached XP level 9. HP: 67/70 MP: 8/8
  5122 | D:5      | Noticed Prince Ribbit
  5131 | D:5      | Killed Prince Ribbit
  5131 | D:5      | Reached skill level 14 in Axes
  5828 | D:7      | Found a staircase to the Ecumenical Temple.
  5841 | Temple   | Entered the Ecumenical Temple
  6018 | D:7      | Found Zitidaa's Gadget Boutique.
  6078 | D:7      | Reached skill level 15 in Axes
  6432 | D:3      | Became a worshipper of Qazlal Stormbringer
  6723 | D:8      | Found Ewuli's Jewellery Emporium.
  6737 | D:8      | Reached skill level 1 in Invocations
  6820 | D:8      | Noticed Dancer's ghost (novice DsBe)
  6905 | D:8      | Noticed Grum
  6923 | D:8      | HP: 3/72 [Grum/-1 halberd of chopping (3)]
  6927 | D:8      | Killed Grum
  6945 | D:8      | Reached XP level 10. HP: 51/80 MP: 10/10
  7314 | D:8      | Reached skill level 5 in Fighting
  7323 | D:8      | Found a transporter.
  7341 | D:8      | Found a transporter.
  7407 | D:8      | Found a hide-covered altar of Uskayaw.
  7407 | D:8      | Found a faded altar of an unknown god.
  7412 | D:8      | Found a blossoming altar of Fedhas.
  7414 | D:8      | Found a hazy altar of Hepliaklqana.
  7416 | D:8      | Found a faded altar of an unknown god.
  7961 | D:8      | Killed Dancer's ghost
  7961 | D:8      | Reached skill level 16 in Axes
  8085 | D:9      | Reached * piety under Qazlal
  8745 | D:9      | Reached ** piety under Qazlal
  8967 | D:9      | Reached skill level 17 in Axes
  9018 | D:9      | Reached skill level 5 in Invocations
  9026 | D:9      | Reached XP level 11. HP: 89/92 MP: 13/13
  9426 | D:10     | Entered Level 10 of the Dungeon
  9440 | D:10     | Found a staircase to the Lair.
  9592 | D:10     | Found a portal to a secret trove of treasure.
  9744 | D:10     | You fall into a shaft and drop 1 floor!
 10122 | D:11     | Found a staircase to the Orcish Mines.
 10133 | D:11     | Reached *** piety under Qazlal
 10369 | D:11     | Noticed a white ugly thing
 11054 | D:10     | Killed a white ugly thing
 11373 | D:11     | Noticed Fannar
 11389 | D:11     | HP: 3/95 [ice beast[Fannar] (2)]
 11389 | D:11     | Mangled by an ice beast

Levels and vault maps discovered:
D:1:      wander_arrival_fairy_ring, layout_loops_cross,
          minmay_misc_feat_nine_boxes
D:2:      layout_basic
D:3:      layout_loops_ring, nicolae_qazlal_general_emergency,
          lemuel_doored_altar, uniq_grinder
D:4:      layout_loops_cross, tgw_trog, uniq_pikel, uniq_crazy_yiuf_cottage
D:5:      layout_basic, first_ration, uniq_prince_ribbit1
D:6:      layout_loops_cross, gup_sewer_entry_bowl
D:7:      layout_basic, minmay_temple_entry_offerings, serial_shops, shop
D:8:      layout_loops_corners, chequers_temple_overflow_minitemple,
          gammafunk_ghost_stat_death, serial_shops, kennysheep_mini_moat,
          uniq_grum
D:9:      layout_roguey
D:10:     layout_stronghold, david_lair_shrubbed, nicolae_trove_entry_crossroad,
          hangedman_fish_farm
D:11:     layout_irregular_city, erik_orc_4, uniq_fannar
Temple:   nicolae_temple_x_marks_the_god

Skill      XL: |  1  2  3  4  5  6  7  8  9 10 11 |
---------------+----------------------------------+-----
Axes           | 3 4 5 6 7 10 11 13 15 17 | 17.8
Invocations    | 2 5 6 |  6.1
Fighting       | 4 7 8 |  8.4
Armour         | |  3.6
Shields        | |  3.6

Action                   |  1- 3 |  4- 6 |  7- 9 | 10-12 || total
-------------------------+-------+-------+-------+-------++-------
Melee: War axe           |   111 |    72 |   271 |   348 ||   802
       Headbutt          |    10 |     9 |    56 |    69 ||   144
Invok: Upheaval          |       |       |       |     3 ||     3
  Use: Scroll            |     5 |       |     8 |     3 ||    16
       Potion            |     2 |     4 |     4 |     1 ||    11
  Eat: Chunk             |     2 |     1 |    12 |    14 ||    29
       Ration            |       |     1 |       |     1 ||     2
Armor: Scale mail        |    67 |    29 |    91 |   118 ||   305
Dodge: Dodged            |    37 |    15 |    53 |   105 ||   210
Block: Shield            |    58 |    36 |   106 |   180 ||   380

Table legend:
 A = Non-vault XP
 B = Vault XP
 C = Vault XP percentage of total XP
 D = Non-vault monster count
 E = Vault monster count
 F = Vault count percentage of total count
                 A         B        C        D         E       F
            +---------+---------+-------+---------+---------+-------
      Total |   11828 |    4398 |  27.1 |     211 |      47 |  18.2
            +---------+---------+-------+---------+---------+-------
        D:1 |      21 |       0 |   0.0 |      12 |       0 |   0.0
        D:2 |      24 |       0 |   0.0 |      11 |       0 |   0.0
        D:3 |      65 |     290 |  81.7 |      26 |       1 |   3.7
        D:4 |     287 |     686 |  70.5 |      14 |       7 |  33.3
        D:5 |     559 |     283 |  33.6 |      17 |       1 |   5.6
        D:6 |     906 |       7 |   0.8 |      15 |       3 |  16.7
        D:7 |    1085 |       0 |   0.0 |      18 |       0 |   0.0
        D:8 |    1092 |    1688 |  60.7 |      20 |      12 |  37.5
        D:9 |    4314 |       0 |   0.0 |      47 |       0 |   0.0
       D:10 |    2171 |     644 |  22.9 |      23 |       2 |   8.0
       D:11 |    1304 |     685 |  34.4 |       8 |      15 |  65.2
      Sewer |       0 |     115 | 100.0 |       0 |       6 | 100.0
            +---------+---------+-------+---------+---------+-------
